 Dungeon Crawl Stone Soup version 0.30.0-17-ge0270778cf (webtiles) character file.

Game seed: 6888264163475412720

18 backslashecho the Ducker (level 2, 0/17 HPs)
             Began as a Vampire Gladiator on May 22, 2023.
             Slain by a worm (9 damage)
             ... on level 2 of the Dungeon.
             The game lasted 00:02:59 (1071 turns).

backslashecho the Ducker (Vampire Gladiator)        Turns: 1071, Time: 00:02:59

Health: 0/17       AC:  4    Str: 13    XL:     2   Next: 51%
Magic:  2/2        EV: 12    Int: 10    God:
Gold:   73         SH:  0    Dex: 15    Spells: 1/1 levels left

rFire   . . .        a - +0 long sword
rCold   + + .        (no shield)
rNeg    + + +        j - +0 leather armour
rPois   ∞            c - +0 helmet
rElec   .            (no cloak)
rCorr   .            (no gloves)
SInv    +            (no boots)
Will    +....        (no amulet)
Stlth   +++          f - ring of willpower
HPRegen 0.00/turn    h - ring of flight
MPRegen 0.08/turn

%: no passive effects
@: flying, bloodless, inhibited regen
A: bloodless, fangs 3, see invisible, vampiric 1
a: Revivify


You were on level 2 of the Dungeon.
You visited 1 branch of the dungeon, and saw 2 of its levels.

You collected 73 gold pieces.

Inventory:

Hand Weapons
 a - a +0 long sword (weapon)
 b - a +0 dagger
Missiles
 d - 3 throwing nets
 e - a javelin
 g - 4 boomerangs (quivered)
Armour
 c - a +0 helmet (worn)
 j - a +0 leather armour (worn)
Jewellery
 f - a ring of willpower (left hand)
 h - a ring of flight (right hand)
Scrolls
 i - a scroll of amnesia {unknown}
 l - a scroll of brand weapon {unknown}
 m - a scroll of identify {unknown}
 n - a scroll of enchant armour {unknown}
 o - a scroll of fear {unknown}
 p - a scroll of noise {unknown}
Potions
 k - a potion of attraction {unknown}


   Skills:
 + Level 1.9 Fighting
 * Level 3.3 Long Blades
 + Level 1.7 Throwing
 + Level 3.4 Dodging
 - Level 1.0 Unarmed Combat
 - Level 0.1 Necromancy


You had one spell level left.
You didn't know any spells.
Your spell library was empty.

Dungeon Overview and Level Annotations

Branches:
Dungeon (2/15)

Altars:


Innate Abilities, Weirdness & Mutations

You do not regenerate when monsters are visible.
You are frail without blood (-20% HP).
You can heal yourself when you bite living creatures.
You are immune to poison.
You have razor-sharp teeth.
You have supernaturally acute eyesight. (SInv)
You are afflicted with vampirism.


Message History

There is a stone staircase leading down here.
You see here a +0 dagger.
You are now empty-handed.
You drop a +0 short sword.
You see here a +0 dagger.
b - a +0 dagger
a - a +0 long sword (weapon)
Done exploring.
(D) Dungeon
Where to? (Enter - D:1 @ (x,y), ? - help)
There is a stone staircase leading down here.
You fly downwards.
There is a stone staircase leading up here.
p - a scroll labelled ZYFAVE AGAMUIGI A worm comes into view.
A worm is nearby!
Found a yellow potion.
b - a +0 dagger (weapon)
You barely miss the worm. The worm closely misses you.
You barely miss the worm.
a - a +0 long sword (weapon)
You hit the worm but do no damage. The worm bites you.
You take 5 damage, and have 12/17 hp.
MASSIVE DAMAGE!!
You barely miss the worm. The worm bites you.
You take 4 damage, and have 8/17 hp.
MASSIVE DAMAGE!!
You hit the worm. You punch the worm.
The worm is moderately wounded.
The worm misses you.
Throw: 4 boomerangs
Press: ? - help, Q - select action, (/) - cycle Shift-Dir - straight line, f - worm
Aim: a worm (lightly wounded, 77% to hit)
Okay, then.
There is a stone staircase leading up here.
You throw a boomerang. The boomerang barely misses the worm.
You throw a boomerang. The boomerang hits the worm!
The worm is heavily wounded.
You throw a boomerang. The boomerang hits the worm.
The worm is severely wounded.
You throw a boomerang. The boomerang hits the worm.
The worm is severely wounded.
You throw a boomerang.
The boomerang hits the worm but does no damage.
The worm is severely wounded.
You hit the worm.
The worm is almost dead.
The worm barely misses you.
You hit the worm.
The worm is almost dead.
The worm bites you!
Ouch! That really hurt!
You die...

#.#########
#!....w...#
#########.#
#########.#
..........#
..........#
#######..w#
#.......@#
#.####...#
#....
#.#....
..###....
### .####. #
#.# #.
....... .#
#.........
##
............


You could see a worm.

Vanquished Creatures
  3 ball pythons
  An endoplasm (D:1)
  2 goblins (D:1)
  A hobgoblin (D:1)
  2 quokkas (D:1)
  3 bats (D:1)
  A frilled lizard (D:1)
  4 kobolds (D:1)
17 creatures vanquished.

Notes
Turn   | Place    | Note
-------+----------+-------------------------------------------
     0 | D:1      | backslashecho the Vampire Gladiator began the quest for the
                  | Orb.
     0 | D:1      | Reached XP level 1. HP: 16/16 MP: 1/1
   163 | D:1      | Found a faded altar of an unknown god.
   403 | D:1      | Reached XP level 2. HP: 17/17 MP: 2/2
   566 | D:1      | Reached skill level 1 in Unarmed Combat
  1071 | D:2      | Slain by a worm

Illustrated notes

Levels and vault maps discovered:
D:1:      dpeg_cavernosity, layout_basic, basic_ecumenical_altar,
          patterned_corridor
D:2:      layout_loops_ring, basic_altar

Skill      XL: |  1  2 |
---------------+-------+-----
Unarmed Combat | 1 |  1.0
Fighting       | |  1.9
Long Blades    | |  3.3
Throwing       | |  1.7
Dodging        | |  3.4
Necromancy     | |  0.1

Action                     || total
---------------------------++-------
  Melee: Long sword        ||    28
         Short sword       ||     9
         Dagger            ||     2
         Punch             ||     1
  Throw: Boomerang         ||     5
Ability: Exsanguinate      ||     1
   Stab: Sleeping          ||    10
 Armour: Leather armour    ||     6
  Dodge: Dodged            ||    20
